 Dungeon Crawl Stone Soup version 0.18.1-8-gdd0e5ea (webtiles) character file.

13328 deorigin the Severer (level 11, 0/96 HPs)
             Began as a Deep Dwarf Gladiator on May 29, 2016.
             Was a High Priest of Makhleb.
             Blown up by an orb spider (16 damage)
             ... with a wavering orb of destruction
             ... on level 3 of the Lair of Beasts.
             The game lasted 00:47:34 (10799 turns).

deorigin the Severer (Deep Dwarf Gladiator)        Turns: 10799, Time: 00:47:35

Health: 0/96       AC: 18    Str: 18    XL:     11   Next: 74%
Magic:  8/8        EV: 12    Int: 10    God:    Makhleb [*****.]
Gold:   1064       SH: 10    Dex: 16    Spells: 2 memorised, 6 levels left

rFire  . . .     SeeInvis .     Y - +2 whip (elec)
rCold  . . .     Gourm    .     u - +0 plate armour
rNeg   . . .     Faith    +     M - +0 shield (curse)
rPois  .         Spirit   .     c - +1 helmet
rElec  .         Dismiss  .     p - +0 cloak
rCorr  .         Reflect  .     (no gloves)
SustAt .         Harm     .     J - +0 pair of boots
MR     +....                    E - amulet of faith
Stlth  ..........               R - +3 ring of evasion
                                O - +4 ring of evasion

@: non-regenerating, somewhat resistant to hostile enchantments, extremely
unstealthy
A: damage resistance, recharge devices, sense surroundings 2, slow regeneration
3
a: Device Recharging, Minor Destruction, Lesser Servant of Makhleb, Major
Destruction, Greater Servant of Makhleb, Renounce Religion


You were on level 3 of the Lair of Beasts.
You worshipped Makhleb.
Makhleb was extremely pleased with you.
You were full.

You visited 3 branches of the dungeon, and saw 14 of its levels.
You also visited: Labyrinth.

You collected 1064 gold pieces.

Inventory:

Hand Weapons
 a - a +0 war axe
 q - a +0 blowgun
 Y - a +2 whip of electrocution (weapon)
Missiles
 d - 3 throwing nets (quivered)
 F - 56 poisoned needles
Armour
 c - a +1 helmet (worn)
 p - a +0 cloak (worn)
 r - a +1 chain mail of cold resistance
 u - a +0 plate armour (worn)
 J - a +0 pair of boots (worn)
 M - a cursed +0 shield (worn)
Rods
 n - a +0 rod of shadows (13/13)
   (You found it in a labyrinth)
Jewellery
 b - an uncursed ring of flight {unknown}
 l - an uncursed amulet of the gourmand
 o - an uncursed ring of protection from magic
 t - an uncursed ring of magical power
 E - an amulet of faith (around neck)
 O - a +4 ring of evasion (left hand)
 R - a +3 ring of evasion (right hand)
Wands
 e - a wand of heal wounds (5/9)
 K - a wand of acid (5/15)
 Q - a wand of digging (12/24)
 X - a wand of iceblast (12/15)
Scrolls
 g - a scroll of immolation {unknown}
 h - a scroll of blinking {unknown}
 k - 7 scrolls of enchant armour
 y - 2 scrolls of magic mapping
 B - 4 scrolls of remove curse
 C - a scroll of recharging {unknown}
 D - 2 scrolls of teleportation
 I - 5 scrolls of fear
 N - a scroll of amnesia
 U - a scroll of random uselessness {unknown}
Potions
 j - a potion of cancellation
 v - 5 potions of heal wounds
 w - a potion of haste {unknown}
 x - 3 potions of cure mutation {unknown}
 z - a potion of agility
 A - 3 potions of magic
 H - 2 potions of berserk rage {unknown}
 V - 3 potions of invisibility
 W - 2 potions of might {unknown}
 Z - 3 potions of curing {unknown}
Books
 i - a book of Minor Magic

   Spells                             Type                      Level
   a - Magic Dart                     Conjuration                  1
   b - Blink                          Translocation                2
   c - Call Imp                       Summoning                    2
   d - Repel Missiles                 Charms/Air                   2
   e - Slow                           Hexes                        2
   f - Conjure Flame                  Conjuration/Fire             3
   g - Mephitic Cloud                 Conjuration/Poison/Air       3
Miscellaneous
 L - a box of beasts
Comestibles
 f - 8 bread rations
 m - 9 meat rations
 s - 12 royal jellies
 G - 3 slices of pizza
 P - 5 chunks of flesh
 S - 5 fruits
 T - 9 beef jerkies


   Skills:
 + Level 5.5 Fighting
 - Level 16.1 Axes
 - Level 1.7 Throwing
 + Level 7.5 Armour
 - Level 3.2 Dodging
 - Level 5.1 Shields
 * Level 5.5 Invocations


You had 6 spell levels left.
You knew the following spells:

 Your Spells              Type           Power        Failure   Level  Hunger
a - Swiftness             Chrm/Air       #.......     100%        2    ###....
b - Passwall              Trmt/Erth      #.........   100%        2    ###....


Dungeon Overview and Level Annotations

Branches:
Dungeon (10/15)            Temple (1/1) D:7            Lair (3/8) D:9
 Spider (0/4) Lair:3
  Swamp: Lair:3-6    Shoals: Lair:3-6       Orc: D:9-12

Altars:
Cheibriados
Elyvilon
Kikubaaqudgha
Makhleb
Okawaru
Pakellas
Qazlal
Ru
Sif Muna
Trog
Vehumet
Xom
Yredelemnul
Zin
The Shining One

Annotations:
D:10 Kite's ghost, novice GrFi


Innate Abilities, Weirdness & Mutations

You are resistant to damage.
You can recharge devices by infusing magical energy.
You passively map the area around you.
You do not regenerate naturally.


Message History

The orb spider is moderately wounded.
The orb spider pulsates with a strange energy.
You hit the orb spider.
The orb spider is moderately wounded.
You whack the orb spider!
The orb spider is heavily wounded.
Your shield and plate armour prevent you from hitting the orb spider.
The orb spider is heavily wounded.
Your plate armour prevents you from hitting the orb spider.
The orb spider is heavily wounded.
You hit the orb spider.
The orb spider is heavily wounded.
You hit the orb spider but do no damage.
There is a sudden explosion of sparks!
The orb spider is severely wounded.
You whack the orb spider!
The orb spider is almost dead.
The orb spider weaves a glowing orb of energy.
The wavering orb of destruction weakly hits you!
You die...

.>..........#'#......#.##....####
.....................######..#
##...##...............#.##P..#
######..####P##.............#
##.## ####.............# #...#
#P..###.##.....## ##..# #####
###P.....P# # #.## #####..###
##.....#### #..# #..+^@.'.#
##......... ####..#
##.≈s..≈.###...<...... ####.##.##
#..≈≈≈≈≈..#........... .#.#.....#
#...#≈≈≈.###..........
........#####.....#.#............
...........##^#.....##.....<.....
............#....^#.#............
P..#..#.##.^..^.......^#####P.###
..#.#####P.#....#.......# ####


You could see an orb spider.

Vanquished Creatures
  The ghost of Wooh the Martial Artist, a journeyman MfMo of Makhleb (Lair:2)
  A minotaur (Lab)
  Pikel (D:7)
  The ghost of zeroDi the Covert, a novice VSAs (D:7)
  An elephant (D:9)
  2 spiny frogs (Lair:3)
  2 komodo dragons
  3 blink frogs (Lair:3)
  A slime creature (Lair:3)
  17 yaks
  A wyvern (D:9)
  Eustachio (D:4)
  3 hippogriffs
  3 water moccasins
  2 soldier ants (D:9)
  An orc warrior (D:8)
  2 ice beasts
  2 sky beasts
  7 phantoms
  A necrophage (D:8)
  4 ogres
  A black bear (D:6)
  4 slaves (D:7)
  2 wasps (D:9)
  4 wolves (Lair:1)
  3 centaurs
  A big kobold (D:7)
  3 crocodiles
  11 giant frogs
  2 scorpions
  4 crimson imps
  2 giant frog zombies
  2 centaur skeletons
  A centaur zombie (D:8)
  3 orc priests
  3 hounds
  9 jellies
  3 giant frog skeletons
  Terence (D:2)
  2 iguanas
  5 orc wizards
  Natasha (D:2)
  9 worker ants
  7 sheep (Lair:1)
  A hound zombie (D:7)
  A hound skeleton (D:5)
  Robin (D:2)
  6 gnolls
  11 adders
  A shadow imp (D:7)
  16 oozes
  2 adder skeletons
  A worm (D:2)
  A dart slug (D:2)
  2 giant geckos
  20 orcs
  2 bats (D:1)
  3 giant cockroaches
  13 goblins
  11 hobgoblins
  7 jackals
  4 quokkas
  2 ball pythons
  4 giant newts
  18 kobolds
  A quokka skeleton (D:6)
  8 rats
  A plant (Lair:2)
277 creatures vanquished.

Vanquished Creatures (others)
  7 fungi (Lair:3)
  A plant (Lair:3)
8 creatures vanquished.

Grand Total: 285 creatures vanquished

Notes
Turn   | Place    | Note
--------------------------------------------------------------
     0 | D:1      | deorigin the Deep Dwarf Gladiator began the quest for the Orb.
     0 | D:1      | Reached XP level 1. HP: 19/19 MP: 1/1
    94 | D:1      | Reached XP level 2. HP: 20/26 MP: 2/2
   134 | D:1      | Reached skill level 1 in Armour
   266 | D:1      | Reached skill level 4 in Axes
   478 | D:1      | Reached XP level 3. HP: 31/32 MP: 3/3
   815 | D:2      | Noticed Terence
   852 | D:2      | Killed Terence
   852 | D:2      | Reached XP level 4. HP: 22/39 MP: 4/4
  1128 | D:2      | Noticed Robin
  1138 | D:2      | Killed Robin
  1138 | D:2      | Reached skill level 5 in Axes
  1368 | D:2      | Noticed Natasha
  1379 | D:2      | Killed Natasha
  1379 | D:2      | Reached XP level 5. HP: 24/45 MP: 5/5
  1972 | D:3      | Found a sacrificial altar of Ru.
  1972 | D:3      | Found a snail-covered altar of Cheibriados.
  1972 | D:3      | Found an oddly glowing altar of Pakellas.
  2183 | D:4      | Reached skill level 6 in Axes
  2188 | D:4      | Noticed an ogre
  2199 | D:4      | Killed an ogre
  2199 | D:4      | Reached XP level 6. HP: 37/52 MP: 5/5
  2394 | D:4      | Reached skill level 7 in Axes
  2424 | D:4      | Found a shimmering altar of Xom.
  2429 | D:4      | Found a white marble altar of Elyvilon.
  2433 | D:4      | Found a radiant altar of Vehumet.
  2565 | D:4      | Noticed Eustachio
  2597 | D:4      | Killed Eustachio
  2597 | D:4      | Reached skill level 8 in Axes
  2597 | D:4      | Reached XP level 7. HP: 51/58 MP: 5/5
  2977 | D:5      | Entered Level 5 of the Dungeon
  3129 | D:5      | Found a basalt altar of Yredelemnul.
  3156 | D:5      | Reached skill level 9 in Axes
  3637 | D:5      | Reached skill level 10 in Axes
  3637 | D:5      | Reached XP level 8. HP: 39/66 MP: 6/6
  4113 | D:6      | Found a bloodstained altar of Trog.
  4147 | D:6      | Reached skill level 11 in Axes
  4350 | D:6      | Found a shimmering altar of Xom.
  4986 | D:7      | Found a deep blue altar of Sif Muna.
  4992 | D:7      | Noticed zeroDi's ghost (novice VSAs)
  5035 | D:7      | Killed zeroDi's ghost
  5035 | D:7      | Reached skill level 12 in Axes
  5035 | D:7      | Gained mutation: You passively map the area around you. [Deep Dwarf growth]
  5035 | D:7      | Reached XP level 9. HP: 51/73 MP: 6/6
  5123 | D:7      | Reached skill level 13 in Axes
  5177 | D:7      | Found a staircase to the Ecumenical Temple.
  5298 | Temple   | Entered the Ecumenical Temple
  5363 | Temple   | Became a worshipper of Makhleb the Destroyer
  5426 | D:7      | Noticed Pikel
  5540 | D:7      | Killed Pikel
  5726 | D:7      | Reached skill level 14 in Axes
  6201 | D:8      | Reached * piety under Makhleb
  6255 | D:8      | Noticed a hill giant
  6479 | D:8      | Reached XP level 10. HP: 49/80 MP: 6/6
  6716 | D:8      | Reached skill level 15 in Axes
  6797 | D:8      | Reached ** piety under Makhleb
  7786 | D:9      | Found a staircase to the Lair.
  7786 | D:9      | Noticed an elephant
  7834 | D:9      | Killed an elephant
  7834 | D:9      | Reached skill level 16 in Axes
  8233 | D:10     | Entered Level 10 of the Dungeon
  8266 | D:10     | Reached *** piety under Makhleb
  8289 | D:10     | Noticed Kite's ghost (novice GrFi)
  8341 | Lair:1   | Entered Level 1 of the Lair of Beasts
  8516 | Lair:1   | Reached skill level 1 in Invocations
  8707 | Lair:1   | Reached skill level 5 in Armour
  8957 | Lair:2   | Reached skill level 1 in Shields
  8958 | Lair:2   | Reached XP level 11. HP: 75/90 MP: 7/7
  9280 | Lair:2   | Reached **** piety under Makhleb
  9311 | Lair:2   | Reached skill level 5 in Shields
  9485 | Lair:2   | Noticed Wooh's ghost (journeyman MfMo)
  9583 | Lair:2   | Killed Wooh's ghost
  9681 | Lair:3   | Found a labyrinth entrance.
  9750 | Lab      | Entered a labyrinth
 10141 | Lab      | Noticed a minotaur
 10160 | Lab      | Killed a minotaur
 10172 | Lab      | Identified the Papyrus of Darkness (You found it in a labyrinth)
 10191 | Lab      | Identified a +0 rod of shadows (13/13) (You found it in a labyrinth)
 10212 | Lair:3   | Learned a level 2 spell: Swiftness
 10215 | Lair:3   | Learned a level 2 spell: Passwall
 10326 | Lair:3   | Reached ***** piety under Makhleb
 10442 | Lair:3   | Reached skill level 5 in Fighting
 10442 | Lair:3   | Reached skill level 5 in Invocations
 10667 | Lair:3   | Noticed an orb spider
 10738 | Lair:3   | Found a hole to the Spider Nest.
 10799 | Lair:3   | Blown up by an orb spider

Skill      XL: |  1  2  3  4  5  6  7  8  9 10 11 |
---------------+----------------------------------+-----
Armour         | 1 2 3 5 7 |  7.5
Axes           | 4 5 6 8 10 12 14 16 | 16.1
Fighting       | 3 5 |  5.5
Invocations    | 2 5 |  5.5
Shields        | 1 5 |  5.1
Throwing       | |  1.7
Dodging        | |  3.2

Action                   |  1- 3 |  4- 6 |  7- 9 | 10-12 || total
-------------------------+-------+-------+-------+-------++-------
Melee: War axe           |   106 |   209 |   469 |   220 ||  1004
       Whip              |       |       |    47 |   470 ||   517
Throw: Throwing net      |       |     2 |     3 |       ||     5
 Abil: Device Recharging |       |     2 |     2 |     3 ||     7
Evoke: Wand              |     1 |     4 |    11 |    11 ||    27
  Use: Scroll            |       |       |    14 |     5 ||    19
 Stab: Sleeping          |     1 |       |       |       ||     1
  Eat: Chunk             |    13 |     6 |    13 |    10 ||    42
Armor: Leather armour    |    23 |       |       |       ||    23
       Scale mail        |       |   119 |    77 |       ||   196
       Chain mail        |       |       |   149 |     3 ||   152
       Plate armour      |       |       |       |   242 ||   242
Dodge: Dodged            |    71 |   141 |   217 |   212 ||   641
Block: Large shield      |       |       |     4 |       ||     4
       Shield            |       |       |       |   101 ||   101
